 Dungeon Crawl Stone Soup version 0.21.1-1-g345015f (webtiles) character file.

13 inc the Chiller (level 2, -1/19 HPs)
             Began as an Octopode Ice Elementalist on June 16, 2018.
             Slain by a hobgoblin
             ... wielding a cursed +0 club
              (3 damage)
             ... on level 2 of the Dungeon.
             The game lasted 00:01:13 (1016 turns).

inc the Chiller (Octopode Ice Elementalist)         Turns: 1016, Time: 00:01:14

Health: -1/19      AC:  1    Str:  7    XL:     2   Next: 37%
Magic:  5/5        EV: 13    Int: 17    God:
Gold:   14         SH:  0    Dex: 12    Spells: 4/5 levels left

rFire    . . .     SeeInvis .   i - +0 short sword
rCold    . . .     Gourm    .   (no shield)
rNeg     . . .     Faith    .   (helmet restricted)
rPois    .         Spirit   .   (no amulet)
rElec    .         Reflect  .   c - ring of wizardry
rCorr    .         Harm     .   (no ring)
MR       .....                  (no ring)
Stlth    +++.......             (no ring)
HPRegen  0.06/turn              (no ring)
MPRegen  0.09/turn              (no ring)
                                (no ring)
                                (no ring)

@: no status effects
A: almost no armour, stealthy swim, amphibious, 8 rings, constrict 8, camouflage
1, gelatinous body 1
a: no special abilities


You were on level 2 of the Dungeon.
You were not hungry.

You visited 1 branch of the dungeon, and saw 2 of its levels.

You collected 14 gold pieces.

Inventory:

Hand Weapons
 d - a +0 dagger
 i - a +0 short sword (weapon)
Jewellery
 c - a ring of wizardry (left tentacle)
Scrolls
 e - a scroll of enchant armour {unknown}
 f - 2 scrolls of remove curse {unknown}
 g - a scroll of teleportation {unknown}
 h - a scroll of fog {unknown}
Books
 a - a book of Frost

   Spells                             Type                      Level
   a - Freeze                         Ice                          1
   b - Throw Frost                    Conjuration/Ice              2
   c - Ozocubu's Armour               Charms/Ice                   3
   d - Throw Icicle                   Conjuration/Ice              4
   e - Summon Ice Beast               Ice/Summoning                4
Comestibles
 b - 4 rations


   Skills:
 + Level 2.0 Fighting
 - Level 2.0 Dodging
 - Level 2.6 Stealth
 - Level 2.0 Spellcasting
   Level 1.0 Conjurations
 - Level 3.0 Ice Magic


You had 4 spell levels left.
You knew the following spells:

 Your Spells              Type           Power        Failure   Level  Hunger
a - Freeze                Ice            ##..         2%          1    #......


Dungeon Overview and Level Annotations

Branches:
Dungeon (2/15)

Altars:


Innate Abilities, Weirdness & Mutations

You cannot wear most types of armour.
You are very stealthy in the water. (Stealth+)
You are amphibious.
You can wear up to eight rings at the same time.
You can use your tentacles to constrict eight enemies at once.
Your skin changes colour to match your surroundings (Stealth+).
Your rubbery body absorbs attacks. (AC +1, EV +1)


Message History

Your Fighting skill increases to level 2!
The hobgoblin hits you with a club.
You see here a hobgoblin corpse.
You hit the hobgoblin. You grab the hobgoblin.
The hobgoblin is lightly wounded.
You constrict the hobgoblin. The hobgoblin hits you with a club.
* * * LOW HITPOINT WARNING * * *
The hobgoblin misses you.
Unknown command.
You closely miss the hobgoblin. You grab the hobgoblin.
You constrict the hobgoblin, but do no damage. x2
The hobgoblin hits you but does no damage.
The hobgoblin closely misses you.
A jackal comes into view.
Unknown command.
You hit the hobgoblin but do no damage.
You constrict the hobgoblin, but do no damage.
You constrict the hobgoblin. The hobgoblin closely misses you.
The hobgoblin hits you with a club.
You die...

....# .#####....# #
..........# .. .....#...
... ##...#.. ...... ?..h
###......# ...... .....
......#.# ......
....h.####.##..<## ......
........@g.......##..g...
......###g........#.#....
[.... ##...............
.... .....^.......#.##.
#.# ##.............# .
##.........#.....
...).......#####.
#........... .........#..


You could see a jackal and 2 hobgoblins.

Vanquished Creatures
  2 goblins (D:1)
  2 hobgoblins
  5 bats
  4 rats (D:1)
13 creatures vanquished.

Notes
Turn   | Place    | Note
-------+----------+-------------------------------------------
     0 | D:1      | inc the Octopode Ice Elementalist began the quest for the Orb.
     0 | D:1      | Reached XP level 1. HP: 11/11 MP: 3/3
   267 | D:1      | Reached skill level 1 in Fighting
   747 | D:1      | Reached XP level 2. HP: 18/18 MP: 5/5
  1016 | D:2      | Slain by a hobgoblin

Skill      XL: |  1  2 |
---------------+-------+-----
Fighting       | 1 2 |  2.0
Dodging        | |  2.0
Stealth        | |  2.6
Spellcasting   | |  2.0
Conjurations   | |  1.0
Ice Magic      | |  3.0

Action                   || total
-------------------------++-------
Melee: Dagger            ||    15
       Constrict         ||     6
       Unarmed           ||     2
       Short sword       ||     8
       Tentacles         ||     2
 Cast: Freeze            ||     7
 Stab: Sleeping          ||     6
Armor: Skin              ||     3
Dodge: Dodged            ||    14
